 Dungeon Crawl Stone Soup version 0.27-a0-242-ge0fc76b88b (webtiles) character file.

Game seed: 9196842109416405353

4356 Borgoz the Carver (level 10, -1/84 HPs)
             Began as a Ghoul Gladiator on Feb 2, 2021.
             Was a Follower of Dithmenos.
             Slain by an orc warrior
             ... wielding a +0 flail
              (20 damage)
             ... on level 8 of the Dungeon.
             The game lasted 00:11:09 (9236 turns).

Borgoz the Carver (Ghoul Gladiator)                 Turns: 9236, Time: 00:11:09

Health: -1/84      AC: 10    Str: 19    XL:     10   Next: 34%
Magic:  9/9        EV: 17    Int:  3    God:    Dithmenos [*.....]
Gold:   449        SH:  0    Dex: 25    Spells: 9/9 levels left

rFire    . . .     SeeInvis .   a - +3 long sword
rCold    + . .     Faith    .   (no shield)
rNeg     + + +     Spirit   .   x - +0 scale mail
rPois    ∞         Reflect  .   c - +1 helmet
rElec    .         Harm     .   b - +0 cloak
rCorr    .         Rampage  .   (no gloves)
Will     .....                  (no boots)
Stlth    +.........             (no amulet)
HPRegen  0.00/turn              C - +6 ring of dexterity
MPRegen  0.11/turn              u - +6 ring of dexterity

@: wreathed by umbra
A: claws 1, cold resistance 1, negative energy resistance 3, inhibited
regeneration, torment resistance, unbreathing
a: Renounce Religion


You were on level 8 of the Dungeon.
You worshipped Dithmenos.
Dithmenos was aware of your devotion.
You visited 2 branches of the dungeon, and saw 9 of its levels.
You also visited: Sewer.

You collected 449 gold pieces.

Inventory:

Hand Weapons
 a - a +3 long sword (weapon)
Armour
 b - a +0 cloak (worn)
 c - a +1 helmet (worn)
 x - a +0 scale mail (worn)
 E - a +0 pair of gloves
Jewellery
 m - a +6 ring of intelligence
 u - a +6 ring of dexterity (right claw)
 C - a +6 ring of dexterity (left claw)
Wands
 y - a wand of flame (39)
 A - a wand of iceblast (6)
 D - a wand of acid (12)
Scrolls
 h - 5 scrolls of enchant weapon
 i - 3 scrolls of fear {unknown}
 k - 6 scrolls of teleportation
 l - 4 scrolls of fog {unknown}
 o - 5 scrolls of blinking
 r - 5 scrolls of enchant armour
 v - 4 scrolls of magic mapping
 z - a scroll of remove curse
 B - 3 scrolls of silence {unknown}
Potions
 e - 2 potions of cancellation {unknown}
 f - 3 potions of magic
 g - 6 potions of might {unknown}
 j - a potion of lignification {unknown}
 n - 2 potions of mutation {unknown}
 p - 3 potions of resistance
 q - 3 potions of brilliance {unknown}
 s - 4 potions of curing {unknown}
 t - 3 potions of flight {unknown}
 w - 2 potions of heal wounds


   Skills:
 + Level 6.8 Fighting
 * Level 8.2 Long Blades
 - Level 1.7 Throwing
 + Level 5.2 Armour
 * Level 8.2 Dodging
 + Level 2.2 Evocations


You had 9 spell levels left.
You didn't know any spells.
Your spell library contained the following spells:

 Spells                   Type           Power        Failure   Level
 Magic Dart               Conj           0%           86%         1
 Blink                    Tloc           N/A          95%         2
 Call Imp                 Summ           0%           95%         2
 Slow                     Hex            0%           95%         2
 Conjure Flame            Conj/Fire      0%           99%         3
 Mephitic Cloud           Conj/Pois/Air  0%           99%         3


Dungeon Overview and Level Annotations

Branches:
Dungeon (8/15)             Temple (1/1) D:6           Sewer (visited)
   Lair: D:8-11

Altars:
Ashenzari
Cheibriados
Dithmenos
Elyvilon
Fedhas
Gozag
Hepliaklqana
Kikubaaqudgha
Makhleb
Nemelex Xobeh
Okawaru
Qazlal
Ru
Sif Muna
Trog
Uskayaw
Vehumet
Wu Jian
Xom
Yredelemnul
Zin
The Shining One

Shops:
D:5 *


Innate Abilities, Weirdness & Mutations

You thrive by killing the living.
You are immune to poison.
You have sharp fingernails.
Your flesh is cold resistant. (rC+)
You are immune to negative energy. (rN+++)
You do not regenerate when monsters are visible.
You are immune to unholy pain and torment.
You can survive without breathing.


Message History

An orc warrior comes into view. It is wielding a +0 flail.
The bullfrog skeleton misses you.
The orc warrior shouts!
You slash the bullfrog skeleton!
The bullfrog skeleton is almost destroyed.
The bullfrog skeleton barely misses you.
You riposte.
You hit the bullfrog skeleton.
You destroy the bullfrog skeleton!
Dithmenos accepts your kill.
The orc warrior throws a boomerang.
The boomerang hits you!
You are too injured to fight recklessly!
You are too injured to fight recklessly!
An orc comes into view.
The orc shouts!
The orc warrior hits you with a +0 flail!
* * * LOW HITPOINT WARNING * * *
You see here an orc corpse.
You closely miss the orc warrior.
The orc warrior hits you with a +0 flail!!
You die...

#.. #)####.....# #.#
#.? #)# #..##...#.#
#..##)####.......#.#
..#..)..##.#####.#.#
#.#.....##.. .#.#
#.#.....##### ##.#
#.#.......... #...
#.#.....##### #.).
#.#@....## ##...
#.o......# #....
#...#.......# #.#.#
#.o.#######..#
#..#.# ...... ###
...##.# .#..... ..##
... ###.....# ## .#
#..../.#.# #.
.........##


You could see an orc warrior and an orc.

Vanquished Creatures
  A two-headed ogre (D:8)
  The ghost of qborf the Chiller, a novice TeIE (D:6)
  Duvessa (D:7)
  2 sky beasts
  2 orc warriors (D:8)
  5 ice beasts
  3 ogres
  A necrophage (D:8)
  A centaur (D:8)
  3 phantoms
  A big kobold (D:7)
  6 bullfrogs
  Dowan (D:7)
  2 scorpions
  5 wights (D:8)
  A jelly (D:5)
  3 bullfrog skeletons
  4 hounds
  3 iguanas
  2 orc wizards (D:8)
  10 worker ants
  A hound skeleton (D:8)
  Robin (D:2)
  4 river rats (Sewer)
  14 adders
  4 gnolls (D:7)
  3 shadow imps
  4 oozes
  2 adder skeletons
  3 worms
  A dart slug (D:1)
  6 leopard geckos
  9 orcs
  15 ball pythons
  12 bats
  4 giant cockroaches
  14 goblins
  11 hobgoblins
  2 jackals (D:3)
  11 kobolds
  4 quokkas
  3 frilled lizards
  A jackal skeleton (D:4)
  A quokka skeleton (D:5)
  28 rats
216 creatures vanquished.

Vanquished Creatures (others)
  3 plants (D:6)
3 creatures vanquished.

Grand Total: 219 creatures vanquished

Notes
Turn   | Place    | Note
-------+----------+-------------------------------------------
     0 | D:1      | Borgoz the Ghoul Gladiator began the quest for the Orb.
     0 | D:1      | Reached XP level 1. HP: 17/17 MP: 0/0
   123 | D:1      | Reached XP level 2. HP: 25/25 MP: 1/1
   627 | D:1      | Reached XP level 3. HP: 30/30 MP: 2/2
  1425 | D:2      | Reached skill level 1 in Armour
  1644 | D:2      | Reached XP level 4. HP: 37/37 MP: 3/3
  2046 | D:2      | Noticed Robin
  2072 | D:2      | Killed Robin
  2450 | D:3      | Reached XP level 5. HP: 45/45 MP: 4/4
  2501 | D:3      | Found an iron altar of Okawaru.
  2503 | D:3      | Found a burning altar of Makhleb.
  2503 | D:3      | Found a snail-covered altar of Cheibriados.
  2508 | D:3      | Found a shimmering blue altar of Sif Muna.
  2509 | D:3      | Found a bloodstained altar of Trog.
  2509 | D:3      | Found an opulent altar of Gozag.
  2509 | D:3      | Found a hide-covered altar of Uskayaw.
  2515 | D:3      | Found a glowing silver altar of Zin.
  2935 | D:3      | Found a glowing drain.
  2945 | Sewer    | Entered a sewer
  3250 | Sewer    | Reached XP level 6. HP: 22/51 MP: 5/5
  4338 | D:4      | Reached XP level 7. HP: 53/58 MP: 6/6
  4487 | D:4      | You fall into a shaft and drop 3 floors!
  4843 | D:6      | Reached skill level 5 in Long Blades
  4843 | D:6      | Reached skill level 5 in Dodging
  4900 | D:6      | Found a staircase to the Ecumenical Temple.
  5121 | Temple   | Entered the Ecumenical Temple
  5210 | Temple   | Became a worshipper of Dithmenos the Shadowed
  5250 | D:6      | Reached XP level 8. HP: 64/67 MP: 7/7
  5354 | D:5      | Entered Level 5 of the Dungeon
  5530 | D:5      | Found Muxefaw's General Store.
  6053 | D:5      | Reached skill level 5 in Fighting
  6065 | D:5      | Found a blossoming altar of Fedhas.
  6066 | D:5      | Found an ancient bone altar of Kikubaaqudgha.
  6693 | D:6      | Found a runed translucent door.
  6693 | D:6      | Noticed qborf's ghost (novice TeIE)
  6826 | D:6      | Reached XP level 9. HP: 74/74 MP: 8/8
  7355 | D:6      | Killed qborf's ghost
  7523 | D:7      | Reached * piety under Dithmenos
  8212 | D:7      | Found a burning altar of Makhleb.
  8470 | D:7      | Noticed Dowan
  8472 | D:7      | Noticed Duvessa
  8484 | D:7      | Killed Duvessa
  8489 | D:7      | Killed Dowan
  8920 | D:8      | Reached skill level 1 in Evocations
  8934 | D:8      | Reached XP level 10. HP: 83/84 MP: 9/9
  9174 | D:8      | Reached skill level 5 in Armour
  9174 | D:8      | Noticed a two-headed ogre
  9207 | D:8      | Killed a two-headed ogre
  9236 | D:8      | Slain by an orc warrior

Illustrated notes

Levels and vault maps discovered:
D:1:      heliophobic_arrival_enchanted_forest, layout_basic
D:2:      layout_basic, uniq_robin
D:3:      layout_basic, grunt_temple_overflow_open, serial_rivers,
          chequers_serial_rivers_room_a, chequers_serial_rivers_large_a,
          chequers_serial_rivers_small_b, chequers_serial_rivers_room_a,
          cheibrodos_sewer_entry_sluice
D:4:      layout_rooms
D:5:      layout_cave_pods, grunt_temple_overflow_growth_and_decay,
          serial_shops, shop
D:6:      layout_loops_ring, minmay_temple_entry_gardened_gates,
          gammafunk_ghost_grave, minmay_door_square, kennysheep_generic_room_9
D:7:      layout_loops_corners, basic_altar, uniq_duvessa
D:8:      minmay_general_purpose_star, layout_rooms, minmay_ruined_shrine
Temple:   nicolae_temple_x_marks_the_god

Skill      XL: |  1  2  3  4  5  6  7  8  9 10 |
---------------+-------------------------------+-----
Long Blades    | 3 4 5 6 7 8 |  8.2
Dodging        | 3 4 5 6 7 8 |  8.2
Armour         | 1 2 3 4 5 |  5.2
Fighting       | 3 4 5 6 |  6.8
Evocations     | 1 2 |  2.2
Throwing       | |  1.7

Action                   |  1- 3 |  4- 6 |  7- 9 | 10-12 || total
-------------------------+-------+-------+-------+-------++-------
Melee: Long sword        |    87 |   294 |   354 |    81 ||   816
Throw: Throwing net      |       |       |       |     3 ||     3
  Use: Scroll            |     2 |    11 |     4 |       ||    17
 Stab: Held in net/web   |       |       |       |     4 ||     4
Armor: Leather armour    |    41 |    12 |       |       ||    53
       Scale mail        |       |   179 |   117 |    16 ||   312
Dodge: Dodged            |    80 |   258 |   256 |    60 ||   654
       Rpst.: Long sword |    28 |    80 |    83 |    16 ||   207

Table legend: (Time is in decaauts)
 A = Elapsed time spent in this place.
 B = Non-inter-level travel time spent in this place.
 C = Inter-level travel time spent in this place.
 D = Time resting spent in this place.
 E = Time spent auto-exploring this place.
 F = Levels seen in this place.
 G = Mean time per level.
                   A        B        C        D        E       F      G
               +--------+--------+--------+--------+--------+-----+--------+
         Total |   9441 |   8937 |    504 |    981 |   6171 |  10 |  944.1 |
       Dungeon |   8434 |   7957 |    477 |    618 |   6033 |   8 | 1054.2 |
        Temple |     99 |     72 |     27 |      0 |     64 |   1 |   99.0 |
         Sewer |    907 |    907 |      0 |    363 |     74 |   1 |  907.0 |
               +--------+--------+--------+--------+--------+-----+--------+

Top non-repeatable levels by time:
     D:6: 1507 daAuts
     D:5: 1428 daAuts
     D:1: 1256 daAuts
     D:2: 1200 daAuts
     D:3: 1146 daAuts
     D:7: 1024 daAuts
   Sewer: 907 daAuts
     D:8: 483 daAuts
     D:4: 388 daAuts
  Temple: 99 daAuts
